 Dungeon Crawl Stone Soup version 0.20.0-15-g7f486f2 (webtiles) character file.

316451 vishdafish the Peltast (level 21, -5/144 HPs)
             Began as a Gargoyle Fighter on June 22, 2017.
             Was the Champion of Okawaru.
             Splashed by a deep elf sorcerer's acid (9 damage)
             ... on level 3 of the Elven Halls on June 23, 2017.
             The game lasted 02:44:03 (36592 turns).

vishdafish the Peltast (Gargoyle Fighter)          Turns: 36592, Time: 02:44:04

Health: -5/144     AC: 41    Str: 38    XL:     21   Next: 77%
Magic:  0/30       EV: 12    Int: 10    God:    Okawaru [******]
Gold:   1633       SH: 18    Dex: 15    Spells: 20/20 levels left

rFire    + . .     SeeInvis +   r - +10 demon whip "Minkalia" {vamp, rN++ SInv}
rCold    + . .     Gourm    .   c - +0 shield {reflect}
rNeg     + + +     Faith    .   M - +9 scales of the Dragon King {rPois rF+ rC+ MR+}
rPois    ∞         Spirit   +   N - +0 hat {MR+}
rElec    +         Reflect  +   S - scarf {Spirit}
rCorr    .         Harm     +   Z - +0 pair of gloves {Str+3}
MR       +++..                  d - +0 pair of boots
Stlth    ..........             U - amulet of harm
Regen    0.4/turn               J - +5 ring of strength
MPRegen  0.3/turn               a - +5 ring of strength

@: about to teleport, corroded, flying
A: antennae 1, big wings, iridescent scales 1, rugged brown scales 1, camouflage
1, agile 1, negative energy resistance 1, electricity resistance, unbreathing,
evolution 2, petrification resistance, rot immunity, AC +15
}: 1/15 runes: serpentine
a: Stop Flying, Heroism, Finesse, Renounce Religion


You were on level 3 of the Elven Halls.
You worshipped Okawaru.
Okawaru was exalted by your worship.
You were very hungry.

You visited 7 branches of the dungeon, and saw 32 of its levels.
You also visited: Sewer, Bailey and Wizlab.

You collected 3478 gold pieces.
You spent 1845 gold pieces at shops.

Inventory:

Hand Weapons
 r - the +10 demon whip "Minkalia" (weapon) {vamp, rN++ SInv}
   (Okawaru gifted it to you on level 2 of the Orcish Mines)

   It inflicts no extra harm, but heals its wielder when it wounds a living foe.
   It greatly protects you from negative energy.
   It lets you see invisible.
Armour
 c - a +0 shield of reflection (worn)
 d - a +0 pair of boots (worn)
 M - the +9 scales of the Dragon King (worn) {rPois rF+ rC+ MR+}
   (You bought it in a shop on level 12 of the Dungeon)

   It protects you from fire.
   It protects you from cold.
   It protects you from poison.
   It affects your resistance to hostile enchantments.
 N - a +0 hat of magic resistance (worn)
 S - a scarf of spirit shield (worn)
 Z - a +0 pair of gloves of strength (worn)
Jewellery
 a - a +5 ring of strength (right hand)
 J - a +5 ring of strength (left hand)
 U - an amulet of harm (around neck)
Wands
 g - a wand of digging (16/24)
 m - a wand of clouds (3/9)
 I - a wand of enslavement (7/24)
 T - a wand of flame (21/48)
Scrolls
 b - 2 scrolls of holy word
 e - 8 scrolls of teleportation
 f - 7 scrolls of recharging
 i - 9 scrolls of remove curse
 j - 6 scrolls of enchant armour
 p - 6 scrolls of amnesia
 q - 3 scrolls of brand weapon
 z - a scroll of fog
 B - a scroll of silence
 D - 2 scrolls of summoning
 E - 2 scrolls of acquirement
 Q - 6 scrolls of enchant weapon
 R - 4 scrolls of immolation
 Y - 2 scrolls of magic mapping
Potions
 h - 2 potions of berserk rage
 k - 14 potions of curing
 n - 5 potions of cancellation
 t - 2 potions of magic
 v - 3 potions of invisibility
 w - 4 potions of mutation
 A - 6 potions of might
 C - 4 potions of brilliance
 F - a potion of heal wounds
 L - 3 potions of agility
 O - 2 potions of ambrosia
 P - 3 potions of haste
Books
 o - The Foundations of Rites and Rhymes
   (You found it in a wizard's laboratory)

   Spells                             Type                      Level
   a - Regeneration                   Charms/Necromancy            3
   b - Dazzling Spray                 Conjuration/Hexes            3
   c - Conjure Flame                  Conjuration/Fire             3
   d - Ignite Poison                  Fire/Transmutation/Poison    3
   e - Recall                         Summoning/Translocation      3
 s - a book of Frost

   Spells                             Type                      Level
   a - Freeze                         Ice                          1
   b - Throw Frost                    Conjuration/Ice              2
   c - Ozocubu's Armour               Charms/Ice                   3
   d - Throw Icicle                   Conjuration/Ice              4
   e - Summon Ice Beast               Ice/Summoning                4
 x - the Catalogue of Satyriasis
   (You found it in a wizard's laboratory)

   Spells                             Type                      Level
   a - Shock                          Conjuration/Air              1
   b - Magic Dart                     Conjuration                  1
   c - Fireball                       Conjuration/Fire             5
   d - Bolt of Cold                   Conjuration/Ice              6
   e - Orb of Destruction             Conjuration                  7
 y - Iskenderun's Tome of Attacks
   (You found it in a wizard's laboratory)

   Spells                             Type                      Level
   a - Searing Ray                    Conjuration                  2
   b - Sticky Flame                   Conjuration/Fire             4
   c - Fulminant Prism                Conjuration/Hexes            4
   d - Venom Bolt                     Conjuration/Poison           5
 V - a Necronomicon

   Spells                             Type                      Level
   a - Haunt                          Necromancy/Summoning         7
   b - Borgnjor's Revivification      Necromancy                   8
   c - Death's Door                   Charms/Necromancy            8
   d - Infestation                    Necromancy                   8
   e - Necromutation                  Transmutation/Necromancy     8
 X - a book of Flames

   Spells                             Type                      Level
   a - Flame Tongue                   Conjuration/Fire             1
   b - Throw Flame                    Conjuration/Fire             2
   c - Conjure Flame                  Conjuration/Fire             3
   d - Inner Flame                    Hexes/Fire                   3
   e - Sticky Flame                   Conjuration/Fire             4
   f - Fireball                       Conjuration/Fire             5
Miscellaneous
 G - a phial of floods
 H - a crystal ball of energy
Comestibles
 l - 6 bread rations
 K - 15 royal jellies
 W - 13 fruits


   Skills:
 + Level 17.7 Fighting
 + Level 18.2 Maces & Flails
 * Level 18.4 Armour
 * Level 7.4 Dodging
 - Level 0.8 Stealth
 + Level 19.7 Shields
 - Level 13.2 Invocations
 + Level 0.3 Evocations


You had 20 spell levels left.
You didn't know any spells.

Dungeon Overview and Level Annotations

Branches:
Dungeon (15/15)            Temple (1/1) D:6            Lair (4/6) D:11
  Swamp (0/4) Lair:4        Snake (4/4) Lair:2          Orc (2/2) D:12
    Elf (3/3) Orc:2        Vaults (0/5) D:13         Depths (3/5) D:15

Altars:
Ashenzari
Cheibriados
Dithmenos
Elyvilon
Fedhas
Gozag
Hepliaklqana
Kikubaaqudgha
Makhleb
Nemelex Xobeh
Okawaru
Qazlal
Ru
Sif Muna
Trog
Uskayaw
Vehumet
Xom
Yredelemnul
Zin
The Shining One

Shops:
D:12 ([   Orc:2 %**}[   Snake:2 (:(%   Depths:1 =*

Portals:
Hell: Depths:1 Depths:2
Pandemonium: Depths:1
Ziggurat: Depths:1

Annotations:
D:15 2 runed doors, exclusion: orange crystal statue
Elf:2 2 runed doors


Innate Abilities, Weirdness & Mutations

You are resistant to torment.
Your stone body is resilient. (AC +15)
You are immune to poison.
Your large and strong wings let you fly indefinitely.
You resist negative energy. (rN+)
You are resistant to electric shocks. (rElec)
You can survive without breathing.
You are immune to petrification.
You are immune to rotting.
You have a pair of small antennae on your head.
You are partially covered in iridescent scales. (AC +2)
You are partially covered in rugged brown scales. (AC +1, +3% HP)
Your skin changes colour to match your surroundings (Stealth+).
You are agile. (Dex +2)
You rapidly evolve.


Message History

* * * LOW HITPOINT WARNING * * *
The large abomination hits you but does no damage.
As you read the scroll of teleportation, it crumbles to dust.
You feel strangely unstable.
The deep elf sorcerer gestures at you while chanting.
The bolt of acid hits you!
* * * LOW HITPOINT WARNING * * *
The acid corrodes you!
You are splashed with acid!
The acid burns!
* * * LOW HITPOINT WARNING * * *
The deep elf sorcerer barely misses you.
The deep elf elementalist gestures wildly while chanting.
The deep elf elementalist seems to speed up.
The deep elf sorcerer hits you with a rapier.
* * * LOW HITPOINT WARNING * * *
The large abomination hits you.
* * * LOW HITPOINT WARNING * * *
The deep elf sorcerer points at you and mumbles some strange words.
The bolt of acid hits you! The acid corrodes you!
You are splashed with acid!
The acid burns!
You die...

###########.)...#####
#.#.#.# #.#(#..#
###)##.# ##.))##.
##.))).##.
##...))..##
#.....)X).##
#.......e@..#
#......#..e)..#
..(...###.....(#
.....# ##........
..... .e....... ...
.e....... .........
......#...


You could see 2 deep elf sorcerers, 2 deep elf elementalists and a large
abomination.

Vanquished Creatures
  Mara (Depths:2)
  Vashnia (Snake:2)
  A golden dragon (Depths:2)
  the Enchantress (Depths:1)
  A lich (Depths:2)
  Asterion (Snake:4)
  A deep elf blademaster (Elf:3)
  A quicksilver dragon (Depths:2)
  2 deep elf master archers (Elf:3)
  Gastronok (D:9)
  Kirke (Snake:4)
  Agnes (Snake:4)
  3 storm dragons (Depths:2)
  A frost giant (D:15)
  Donald (Snake:1)
  2 tengu reavers (Depths:2)
  6 deep elf sorcerers
  7 nagarajas (Snake:4)
  Aizul (Snake:1)
  A balrug (Depths:1)
  2 deep elf elementalists (Elf:3)
  3 spriggan defenders (Depths:1)
  14 very ugly things (Depths:1)
  5 stone giants
  4 spark wasps (Depths:1)
  5 deep elf demonologists
  The ghost of Paps the Cleaver, a journeyman DsGl of Dithmenos (Lair:2)
  8 deep elf annihilators (Elf:3)
  5 ettins
  10 purple draconians (WizLab)
  2 deep elf death magi
  5 fire dragons
  A merfolk javelineer (Depths:2)
  9 statues (WizLab)
  A merfolk impaler (Depths:1)
  A yaktaur captain (D:15)
  4 vault guards (D:13)
  4 ogre magi
  7 deep elf high priests
  The ghost of Exporg the Basher, a journeyman MiFi of the Shining One (D:10)
  A rakshasa (Depths:3)
  2 ice dragons
  Harold (Orc:1)
  2 hydras
  3 great orbs of eyes
  10 centaur warriors
  3 spriggan air magi
  Erolcha (D:13)
  16 anacondas
  18 naga warriors
  22 two-headed ogres
  30 dancing weapons
  The ghost of Exporg the Basher, a novice MiFi of the Shining One (D:9)
  A vampire mage (Depths:1)
  3 deep troll shamans
  4 death yaks (Lair:3)
  3 deep troll earth magi
  2 orc high priests
  15 naga sharpshooters
  18 deep elf knights
  4 shock serpents
  3 spriggan berserkers
  A soul eater (Depths:1)
  3 tengu warriors
  The ghost of rezek the Caller, a novice BaSu of Cheibriados (D:8)
  2 iron trolls (Depths:1)
  9 deep trolls
  A salamander mystic (Snake:4)
  5 unseen horrors
  2 glowing orange brains (Depths:1)
  7 sea snakes (Snake:1)
  A flayed ghost (Depths:1)
  9 naga ritualists
  2 wizards
  A lindwurm (Lair:4)
  A necromancer (Depths:2)
  14 deep elf archers
  3 orc knights
  Pikel (D:8)
  66 deep elf magi
  A wolf spider zombie (D:15)
  A stone giant zombie (Depths:2)
  2 orc sorcerers
  13 mana vipers
  A manticore (shapeshifter) (D:15)
  19 slime creatures
  4 salamanders
  3 cyclopes
  5 manticores
  15 ugly things
  35 black mambas
  A frost giant skeleton (Depths:2)
  3 centaur zombies
  14 naga magi
  6 elephants (Lair:4)
  A gargoyle (D:14)
  15 guardian serpents
  2 molten gargoyles (Lair:3)
  5 spiny frogs
  7 komodo dragons
  An efreet (D:14)
  A rime drake (Lair:4)
  20 yaktaurs
  A tengu conjurer (D:13)
  10 trolls
  A hellwing (Depths:1)
  2 polar bears (Lair:4)
  5 hornets (Lair:4)
  A queen bee (shapeshifter) (Depths:1)
  A raiju (shapeshifter) (Depths:2)
  A meliai zombie (D:13)
  10 hippogriffs
  7 water elementals
  3 spriggans (Depths:1)
  A spriggan (shapeshifter) (Elf:2)
  68 yaks
  A shadow (D:15)
  A tarantella (shapeshifter) (Elf:2)
  4 wyverns
  5 air elementals
  3 humans
  A basilisk (D:15)
  2 fire elementals (Elf:1)
  2 hungry ghosts
  2 hogs (Snake:4)
  2 steam dragons
  7 vampire mosquitoes
  Edmund (D:4)
  45 nagas
  A soldier ant (D:15)
  5 water moccasins
  A swamp worm (Lair:4)
  Duvessa (D:4)
  5 porcupines
  5 sky beasts
  5 ice beasts
  4 black bears
  34 orc warriors
  2 eyes of draining
  A necrophage (D:6)
  30 ogres
  A phantom (D:9)
  2 spriggan simulacra (Depths:2)
  12 centaurs
  8 crocodiles
  23 wolves
  4 big kobolds
  14 bullfrogs
  4 earth elementals
  2 wyvern zombies
  Dowan (D:4)
  A wyvern skeleton (D:12)
  5 scorpions
  2 water moccasin zombies
  6 killer bees (D:9)
  3 wights (D:13)
  8 electric eels (Snake:1)
  2 howler monkeys (D:9)
  5 lava snakes (Lair:3)
  10 crimson imps
  A bullfrog zombie (D:11)
  A quasit (D:7)
  8 hounds
  5 jellies
  45 orc wizards
  20 orc priests
  3 bullfrog skeletons
  5 centaur skeletons
  3 iguanas
  13 worker ants
  2 hound zombies
  2 hound skeletons (D:4)
  A worker ant zombie (D:6)
  Robin (D:2)
  18 adders
  21 gnolls
  8 shadow imps
  A white imp (Depths:2)
  4 oozes (Sewer)
  2 adder skeletons
  6 worms
  4 dart slugs
  7 leopard geckos
  83 orcs
  6 ball pythons
  11 giant cockroaches
  29 goblins
  26 hobgoblins
  9 jackals
  9 quokkas
  15 bats
  7 frilled lizards
  A jackal zombie (D:5)
  20 kobolds
  A leopard gecko skeleton (D:6)
  10 rats
  A plant (D:11)
1397 creatures vanquished.

Vanquished Creatures (collateral kills)
  A hydra (D:12)
  A centaur (D:11)
  An adder (D:12)
3 creatures vanquished.

Vanquished Creatures (others)
  A merfolk javelineer (Depths:2)
  A naga sharpshooter (Snake:3)
  A deep elf knight (Elf:2)
  2 deep elf magi (WizLab)
  2 yaktaurs
  A tengu conjurer (D:13)
  A hippogriff (shapeshifter) (Depths:2)
  A human (Snake:4)
  A gnoll (D:11)
  10 fungi
  40 plants
61 creatures vanquished.

Grand Total: 1461 creatures vanquished

Notes
Turn   | Place    | Note
-------+----------+-------------------------------------------
     0 | D:1      | vishdafish the Gargoyle Fighter began the quest for the Orb.
     0 | D:1      | Reached XP level 1. HP: 14/14 MP: 1/1
    62 | D:1      | Reached XP level 2. HP: 19/19 MP: 2/2
   460 | D:1      | Reached XP level 3. HP: 23/24 MP: 3/3
  1334 | D:2      | Reached XP level 4. HP: 26/29 MP: 4/4
  1384 | D:2      | Reached skill level 4 in Shields
  1463 | D:2      | Noticed Robin
  1487 | D:2      | Killed Robin
  1504 | D:2      | Got a heavily runed helmet
  1510 | D:2      | Identified the +1 helmet "Odyi" {-Cast rElec MR- rCorr} (You took it off Robin on level 2 of the Dungeon)
  1621 | D:3      | Reached XP level 5. HP: 25/33 MP: 5/5
  2456 | D:4      | Noticed an ogre
  2476 | D:4      | Reached XP level 6. HP: 37/38 MP: 6/6
  2523 | D:4      | Noticed Edmund
  2568 | D:4      | Killed Edmund
  2568 | D:4      | Reached skill level 5 in Maces & Flails
  2568 | D:4      | Reached skill level 5 in Shields
  2568 | D:4      | Reached XP level 7. HP: 11/44 MP: 7/7
  2786 | D:4      | Noticed Dowan
  2788 | D:4      | Noticed Duvessa
  2833 | D:4      | Killed Duvessa
  2849 | D:4      | Killed Dowan
  2857 | D:4      | Found a burning altar of Makhleb.
  2931 | D:4      | Reached skill level 1 in Dodging
  3276 | D:5      | Entered Level 5 of the Dungeon
  3442 | D:5      | Gained mutation: You are partially covered in rugged brown scales. (AC +1, +3% HP) [mutagenic meat]
  3443 | D:5      | Gained mutation: Your large and strong wings let you fly indefinitely. [mutagenic meat]
  3444 | D:5      | Gained mutation: Your spells are a little easier to cast, but a little less powerful. [mutagenic meat]
  3546 | D:5      | Reached XP level 8. HP: 49/49 MP: 8/8
  3699 | D:5      | Reached skill level 5 in Fighting
  3791 | D:5      | Gained mutation: Potions are less effective at restoring your health. [mutagenic meat]
  3792 | D:5      | Gained mutation: You are partially covered in thin metallic scales. (AC +2) [mutagenic meat]
  3794 | D:5      | Gained mutation: You evolve. [mutagenic meat]
  3805 | D:5      | Reached skill level 6 in Shields
  4105 | D:6      | Found Qyuzunt's Armour Shoppe.
  4385 | D:6      | Found a staircase to the Ecumenical Temple.
  4395 | Temple   | Entered the Ecumenical Temple
  4441 | Temple   | Became a worshipper of Warmaster Okawaru
  4548 | D:6      | Found a glowing drain.
  4563 | Sewer    | Entered a sewer
  5258 | D:6      | Found a deep blue altar of Sif Muna.
  5499 | D:6      | Reached skill level 1 in Invocations
  5713 | D:7      | You fall through a shaft!
  5720 | D:8      | Found a shattered altar of Ashenzari.
  5735 | D:8      | Noticed a two-headed ogre
  5796 | D:7      | Reached skill level 5 in Armour
  5797 | D:7      | Reached XP level 9. HP: 20/55 MP: 8/10
  5930 | D:7      | Reached * piety under Okawaru
  6016 | D:7      | Killed a two-headed ogre
  6016 | D:7      | Reached ** piety under Okawaru
  6467 | D:7      | Reached skill level 7 in Shields
  7267 | D:8      | Noticed rezek's ghost (novice BaSu)
  7268 | D:8      | Noticed Pikel
  7278 | D:8      | Killed Pikel
  7278 | D:8      | Reached XP level 10. HP: 49/61 MP: 7/13
  7286 | D:8      | Lost mutation: You are partially covered in rugged brown scales. (AC +1, +3% HP) [evolution]
  7308 | D:8      | Killed rezek's ghost
  7308 | D:8      | Reached *** piety under Okawaru
  7308 | D:8      | Reached skill level 5 in Invocations
  7461 | D:9      | Found a flagged portal.
  7472 | Bailey   | Entered a bailey
  7771 | Bailey   | Noticed an orc knight
  7801 | Bailey   | Reached skill level 8 in Shields
  7844 | Bailey   | Killed an orc knight
  8130 | Bailey   | Noticed an orc warlord
  8131 | Bailey   | Reached skill level 10 in Maces & Flails
  8476 | D:9      | Reached **** piety under Okawaru
  8835 | D:9      | Reached XP level 11. HP: 64/66 MP: 15/15
  8910 | D:9      | Noticed Gastronok
  9110 | D:9      | Reached skill level 9 in Shields
  9140 | D:9      | Reached ***** piety under Okawaru
  9145 | D:9      | Noticed a manticore
  9158 | D:9      | Killed a manticore
  9244 | D:9      | Noticed a two-headed ogre
  9262 | D:9      | Killed a two-headed ogre
  9311 | D:9      | Received a gift from Okawaru
  9450 | D:9      | Noticed Exporg's ghost (novice MiFi)
  9487 | D:9      | Killed Exporg's ghost
  9889 | D:9      | Noticed a two-headed ogre
  9906 | D:9      | Killed a two-headed ogre
  9959 | D:9      | Killed Gastronok
  9959 | D:9      | Reached XP level 12. HP: 60/73 MP: 18/18
 10023 | D:10     | Entered Level 10 of the Dungeon
 10394 | D:10     | Gained mutation: You have a pair of small horns on your head. [evolution]
 10461 | D:10     | Noticed Exporg's ghost (journeyman MiFi)
 10489 | D:10     | Killed Exporg's ghost
 10606 | D:10     | Reached skill level 10 in Shields
 10694 | D:10     | Found a blossoming altar of Fedhas.
 11123 | D:11     | Found a staircase to the Lair.
 11794 | D:11     | Noticed a two-headed ogre
 11799 | D:11     | Killed a two-headed ogre
 11799 | D:11     | Received a gift from Okawaru
 12299 | D:12     | Reached ****** piety under Okawaru
 12639 | D:12     | Noticed a four-headed hydra
 12653 | D:12     | Killed a five-headed hydra
 12658 | D:12     | Got an ancient leather armour
 12670 | D:12     | Received a gift from Okawaru
 12692 | D:12     | Identified the +1 leather armour "Welys" {Regen+ Slay+6} (You found it on level 12 of the Dungeon)
 12701 | D:12     | Reached XP level 13. HP: 41/80 MP: 20/20
 12873 | D:12     | Found Mucanleo's Weapon Shoppe.
 12875 | D:12     | Found a staircase to the Orcish Mines.
 12878 | D:12     | Found Soxicej's Armour Shoppe.
 13113 | D:12     | Reached skill level 11 in Shields
 13298 | D:12     | Reached skill level 10 in Invocations
 13533 | D:12     | Identified 2 scrolls of acquirement
 14145 | D:13     | Noticed a vault guard
 14325 | D:13     | Noticed a vault guard
 14368 | D:13     | Paralysed by a wizard for 5 turns
 14370 | D:13     | Lost mutation: Your spells are a little easier to cast, but a little less powerful. [evolution]
 14435 | D:13     | Killed a vault guard
 14455 | D:13     | Killed a vault guard
 14744 | D:13     | Found a gate to the Vaults.
 14744 | D:13     | Noticed a vault guard
 14744 | D:13     | Noticed a vault guard
 14757 | D:13     | Killed a vault guard
 14768 | D:13     | Killed a vault guard
 14768 | D:13     | Received a gift from Okawaru
 14989 | D:13     | Noticed Erolcha
 14998 | D:13     | Killed Erolcha
 14998 | D:13     | Reached skill level 12 in Shields
 15323 | D:14     | Reached skill level 10 in Fighting
 15428 | D:14     | Mutation became permanent: Your large and strong wings let you fly indefinitely. [Gargoyle growth]
 15428 | D:14     | Gained mutation: Your large and strong wings let you fly indefinitely. [Gargoyle growth]
 15428 | D:14     | Reached XP level 14. HP: 84/88 MP: 22/22
 15944 | D:14     | Reached skill level 10 in Armour
 16244 | D:14     | Received a gift from Okawaru
 16274 | D:14     | Gained mutation: Your body sometimes deteriorates upon taking damage. [mutagenic meat]
 16275 | D:14     | Gained mutation: Your magical capacity is low. (-10% MP) [mutagenic meat]
 16281 | D:14     | Gained mutation: You are frail. (-10% HP) [mutagenic meat]
 16536 | D:14     | Lost mutation: Your magical capacity is low. (-10% MP) [potion of mutation]
 16536 | D:14     | Lost mutation: Potions are less effective at restoring your health. [potion of mutation]
 16536 | D:14     | Lost mutation: You are frail. (-10% HP) [potion of mutation]
 16536 | D:14     | Gained mutation: Your flesh is cold resistant. (rC+) [potion of mutation]
 16536 | D:14     | Gained mutation: Your skin changes colour to match your surroundings (Stealth+). [potion of mutation]
 16536 | D:14     | Gained mutation: You possess an exceptional clarity of mind. [potion of mutation]
 16860 | Orc:1    | Entered Level 1 of the Orcish Mines
 16972 | Orc:1    | Noticed Harold
 17000 | Orc:1    | Killed Harold
 17496 | Orc:2    | Entered Level 2 of the Orcish Mines
 18426 | Orc:1    | Lost mutation: You have a pair of small horns on your head. [evolution]
 18480 | Orc:1    | Reached skill level 13 in Shields
 18523 | Orc:2    | Found Ipsumiw's General Store.
 19078 | Orc:2    | Received a gift from Okawaru
 19080 | Orc:2    | Got a translucent demon whip {god gift}
 19083 | Orc:2    | Identified the +10 demon whip "Minkalia" {vamp, rN++ SInv} (Okawaru gifted it to you on level 2 of the Orcish Mines)
 19110 | Orc:2    | Reached XP level 15. HP: 93/93 MP: 23/23
 19125 | Orc:2    | Found Mamiux's Gadget Shoppe.
 19125 | Orc:2    | Found Punekh's General Store.
 19125 | Orc:2    | Found Keynus's Armour Boutique.
 19136 | Orc:2    | Bought a potion of heal wounds for 70 gold pieces
 19136 | Orc:2    | Bought a scroll of identify for 28 gold pieces
 19373 | Orc:2    | Found Naduawk's Food Shoppe.
 19376 | Orc:2    | Found a staircase to the Elven Halls.
 19489 | Orc:1    | Paralysed by an orc sorcerer for 7 turns
 19605 | D:12     | Bought the +9 scales of the Dragon King {rPois rF+ rC+ MR+} for 1747 gold pieces
 19853 | D:15     | Entered Level 15 of the Dungeon
 19998 | D:15     | Found a runed door.
 20011 | D:15     | Noticed a frost giant
 20032 | D:15     | Killed a frost giant
 20092 | D:15     | Found a runed door.
 20124 | D:15     | Found a runed door.
 20162 | D:15     | Found a runed door.
 20300 | D:15     | Received a gift from Okawaru
 20416 | D:15     | Gained mutation: You have a pair of small antennae on your head. [evolution]
 20503 | D:15     | Found a staircase to the Depths.
 20818 | Lair:1   | Entered Level 1 of the Lair of Beasts
 21049 | Lair:1   | Got a fine dagger
 21109 | Lair:1   | Reached skill level 14 in Shields
 21669 | Lair:2   | Found a staircase to the Snake Pit.
 21691 | Lair:2   | Noticed Paps's ghost (journeyman DsGl)
 21707 | Lair:2   | Killed Paps's ghost
 21722 | Lair:2   | Got an ancient dagger
 22006 | Lair:2   | Lost mutation: Your body sometimes deteriorates upon taking damage. [evolution]
 22493 | Lair:3   | You are sucked into a shaft!
 22671 | Lair:4   | Received a gift from Okawaru
 22672 | Lair:4   | Reached XP level 16. HP: 101/101 MP: 25/25
 22936 | Lair:4   | Reached skill level 15 in Maces & Flails
 23582 | Lair:4   | Found a staircase to the Swamp.
 24351 | Snake:1  | Entered Level 1 of the Snake Pit
 24859 | Snake:1  | Noticed Aizul
 24881 | Snake:1  | Killed Aizul
 24884 | Snake:1  | Gained mutation: You are dopey. (Int -2) [mutagenic meat]
 25078 | Snake:1  | Noticed Donald
 25097 | Snake:1  | Killed Donald
 25357 | Snake:1  | Gained mutation: You rapidly evolve. [mutagenic meat]
 25360 | Snake:1  | Gained mutation: You are partially covered in rugged brown scales. (AC +1, +3% HP) [mutagenic meat]
 25637 | Snake:2  | Gained mutation: You are frail. (-10% HP) [mutagenic meat]
 25643 | Snake:2  | Found Esomom's Weapon Boutique.
 25645 | Snake:2  | Found Huquff Hopn's Book Shoppe.
 25717 | Snake:2  | Noticed Vashnia
 25731 | Snake:2  | Killed Vashnia
 25731 | Snake:2  | Reached skill level 15 in Shields
 25746 | Snake:2  | Received a gift from Okawaru
 25747 | Snake:2  | Found Vuosokufra's Food Shoppe.
 26061 | Snake:2  | Found Kisof's Weapon Boutique.
 26552 | Snake:3  | Reached XP level 17. HP: 100/100 MP: 26/26
 27438 | Snake:4  | Entered Level 4 of the Snake Pit
 27450 | Snake:4  | Noticed Agnes
 27467 | Snake:4  | Received a gift from Okawaru
 27499 | Snake:4  | Killed Agnes
 27667 | Snake:4  | Noticed Asterion
 27671 | Snake:4  | HP: 4/101 [naga ritualist/lance of force (24)]
 27684 | Snake:3  | Reached skill level 16 in Shields
 28054 | Snake:4  | Received a gift from Okawaru
 28104 | Snake:4  | Killed Asterion
 28160 | Snake:4  | Reached XP level 18. HP: 107/107 MP: 23/27
 28179 | Snake:4  | Received a gift from Okawaru
 28253 | Snake:4  | Reached skill level 15 in Armour
 28277 | Snake:4  | Reached skill level 17 in Shields
 28299 | Snake:4  | Noticed Kirke
 28316 | Snake:4  | Killed Kirke
 28408 | Snake:4  | Got a serpentine rune of Zot
 28620 | Snake:4  | Found a basalt altar of Yredelemnul.
 28683 | Snake:4  | Lost mutation: You are dopey. (Int -2) [evolution]
 29415 | Depths:1 | Entered Level 1 of the Depths
 29451 | Depths:1 | Received a gift from Okawaru
 29465 | Depths:1 | Lost mutation: You are frail. (-10% HP) [mutagenic meat]
 29466 | Depths:1 | Gained mutation: You expend magic power (3 MP) to strengthen your wands. [mutagenic meat]
 29483 | Depths:1 | Found a gateway to a ziggurat.
 29537 | Depths:1 | Found Worusadi's General Store.
 29539 | Depths:1 | Found Marur's Jewellery Boutique.
 29717 | Depths:1 | Gained mutation: Scrolls take you a little longer to read. [mutagenic meat]
 29719 | Depths:1 | Gained mutation: You do not regenerate when monsters are visible. [mutagenic meat]
 29724 | Depths:1 | Lost mutation: Scrolls take you a little longer to read. [mutagenic meat]
 29725 | Depths:1 | Gained mutation: Your muscles are strong. (Str +2) [mutagenic meat]
 29727 | Depths:1 | Lost mutation: Your muscles are strong. (Str +2) [mutagenic meat]
 29874 | Depths:1 | Gained mutation: You are frail. (-10% HP) [mutagenic meat]
 29875 | Depths:1 | Lost mutation: You are partially covered in thin metallic scales. (AC +2) [mutagenic meat]
 29876 | Depths:1 | Lost mutation: You possess an exceptional clarity of mind. [mutagenic meat]
 29883 | Depths:1 | Gained mutation: Your movements are slightly less encumbered by armour. (ER -2) [mutagenic meat]
 29885 | Depths:1 | Gained mutation: You are dopey. (Int -2) [mutagenic meat]
 29896 | Depths:1 | Gained mutation: You have sharp toenails. [mutagenic meat]
 29902 | Depths:1 | Lost mutation: You are frail. (-10% HP) [mutagenic meat]
 29903 | Depths:1 | Lost mutation: You are dopey. (Int -2) [mutagenic meat]
 29904 | Depths:1 | Lost mutation: Your movements are slightly less encumbered by armour. (ER -2) [mutagenic meat]
 29974 | Depths:1 | Reached skill level 15 in Fighting
 29987 | Depths:1 | Received a gift from Okawaru
 30013 | Depths:1 | Lost mutation: Your flesh is cold resistant. (rC+) [potion of mutation]
 30013 | Depths:1 | Lost mutation: You do not regenerate when monsters are visible. [potion of mutation]
 30013 | Depths:1 | Gained mutation: Scrolls take you a little longer to read. [potion of mutation]
 30013 | Depths:1 | Gained mutation: Your mind is acute. (Int +2) [potion of mutation]
 30071 | Depths:1 | Found a one-way gate leading to the halls of Pandemonium.
 30091 | Depths:1 | Noticed the Enchantress
 30135 | Depths:1 | Killed the Enchantress
 30135 | Depths:1 | Reached XP level 19. HP: 93/127 MP: 7/28
 30199 | Depths:1 | Got faerie dragon scales
 30210 | Depths:1 | Identified the +1 faerie dragon scales {+Inv rF+ rC++ rN+ rCorr} (You took it off the Enchantress on level 1 of the Depths)
 30295 | Depths:1 | Reached skill level 18 in Shields
 30308 | Depths:1 | Lost mutation: Your mind is acute. (Int +2) [mutagenic meat]
 30309 | Depths:1 | Lost mutation: You expend magic power (3 MP) to strengthen your wands. [mutagenic meat]
 30310 | Depths:1 | Lost mutation: Scrolls take you a little longer to read. [mutagenic meat]
 30323 | Depths:1 | Found a gateway to Hell.
 31009 | Depths:2 | Noticed Mara
 31012 | Depths:2 | Noticed vishdafish's illusion
 31037 | Depths:2 | Killed Mara
 31222 | Depths:2 | Noticed a golden dragon
 31260 | Depths:2 | Received a gift from Okawaru
 31426 | Depths:2 | Noticed a golden dragon
 31429 | Depths:2 | Noticed a juggernaut
 31434 | Depths:2 | Noticed a juggernaut
 31437 | Depths:2 | Killed a golden dragon
 31437 | Depths:2 | Received a gift from Okawaru
 31441 | Depths:2 | Noticed a juggernaut
 31912 | Depths:2 | Noticed a lich
 31918 | Depths:2 | Killed a lich
 31980 | Depths:2 | Reached XP level 20. HP: 124/134 MP: 23/29
 32577 | Elf:1    | Entered Level 1 of the Elven Halls
 33118 | Elf:1    | Reached skill level 5 in Dodging
 33462 | Elf:2    | Received a gift from Okawaru
 33484 | Elf:2    | Reached skill level 19 in Shields
 34137 | Elf:2    | Found a large runed door.
 34137 | Elf:2    | Found a large runed door.
 34160 | Elf:2    | Found a large runed door.
 34160 | Elf:2    | Found a large runed door.
 34671 | Elf:2    | Received a gift from Okawaru
 34680 | Elf:2    | Got an ichor-stained hat {god gift}
 34688 | Elf:2    | Identified the +0 hat "Elukiag" {rElec rC- Dex+2 SInv} (Okawaru gifted it to you on level 2 of the Elven Halls)
 34771 | Elf:2    | Reached XP level 21. HP: 132/143 MP: 25/30
 34929 | Elf:2    | Lost mutation: You have sharp toenails. [potion of mutation]
 34929 | Elf:2    | Gained mutation: You are agile. (Dex +2) [potion of mutation]
 34929 | Elf:2    | Gained mutation: You are partially covered in iridescent scales. (AC +2) [potion of mutation]
 34973 | Elf:3    | Entered Level 3 of the Elven Halls
 34985 | Elf:3    | Found a magical portal.
 35000 | WizLab   | Entered Iskenderun's Mystic Tower
 35451 | WizLab   | Identified the Catalogue of Satyriasis
 35451 | WizLab   | Identified The Foundations of Rites and Rhymes
 35468 | WizLab   | Identified Iskenderun's Tome of Attacks
 35468 | WizLab   | Identified Iskenderun's Handbook of Conjuration
 35538 | WizLab   | Got an iridescent spear
 35813 | Elf:3    | Identified the +5 spear "Geqyjunn" {speed, rElec rF+ MR- Dex+3} (You found it in a wizard's laboratory)
 36506 | Elf:3    | Received a gift from Okawaru
 36592 | Elf:3    | HP: 7/144 [deep elf sorcerer/rapier (2)]
 36592 | Elf:3    | Splashed by a deep elf sorcerer's acid

Skill      XL: |  1  2  3  4  5  6  7  8  9 10 11 12 13 14 15 16 17 18 19 20 21 |
---------------+----------------------------------------------------------------+-----
Fighting       | 4 5 6 7 8 10 11 13 14 15 16 17 | 17.7
Maces & Flails | 3 4 5 6 7 9 10 11 12 13 14 15 16 17 18 | 18.2
Shields        | 4 5 6 7 8 9 10 12 13 14 15 16 17 18 19 | 19.7
Armour         | 4 5 6 7 8 9 11 12 13 14 16 17 18 | 18.4
Dodging        | 1 2 3 4 6 7 |  7.4
Invocations    | 2 4 6 8 9 10 11 12 13 | 13.2
Stealth        | |  0.8
Evocations     | |  0.3

Action                   |  1- 3 |  4- 6 |  7- 9 | 10-12 | 13-15 | 16-18 | 19-21 || total
-------------------------+-------+-------+-------+-------+-------+-------+-------++-------
Melee: Flail             |   156 |   214 |   574 |  1330 |  1039 |       |       ||  3313
       Headbutt          |       |       |       |   104 |   244 |       |       ||   348
       Demon whip        |       |       |       |       |   516 |  1405 |  1316 ||  3237
Invok: Heroism           |       |       |     2 |     7 |     1 |     1 |     1 ||    12
       Finesse           |       |       |       |     2 |     3 |     2 |     2 ||     9
 Abil: Fly               |       |       |     3 |     1 |       |       |     1 ||     5
       Stop Flying       |       |       |     2 |     1 |       |     1 |       ||     4
Evoke: Wand              |       |       |       |     2 |       |       |     2 ||     4
  Use: Potion            |       |     1 |     2 |     3 |     2 |     2 |     4 ||    14
       Scroll            |       |       |    10 |    14 |    10 |    11 |     9 ||    54
 Stab: Distracted        |       |       |       |     1 |       |       |       ||     1
       Confused          |       |       |       |       |     1 |       |       ||     1
  Eat: Chunk             |     2 |       |    10 |     1 |     7 |    38 |     6 ||    64
       Bread ration      |       |     1 |     2 |     2 |     7 |     3 |     1 ||    16
       Royal jelly       |       |       |     2 |     1 |       |       |       ||     3
       Fruit             |       |       |     1 |     2 |       |     1 |     1 ||     5
       Meat ration       |       |       |       |     2 |     2 |     2 |     2 ||     8
Armor: Scale mail        |   102 |   105 |   319 |   392 |       |       |       ||   918
       Plate armour      |       |       |       |   214 |   617 |       |       ||   831
       Leather armour    |       |       |       |     1 |       |       |       ||     1
       Gold dragon scale |       |       |       |       |   143 |   737 |   514 ||  1394
Dodge: Dodged            |    47 |    63 |   202 |   386 |   348 |   312 |   200 ||  1558
Block: Shield            |    83 |   119 |   309 |   714 |   914 |   990 |   573 ||  3702
       Reflection        |       |       |       |       |       |   105 |    77 ||   182
